 Dungeon Crawl Stone Soup version 0.31-a0-931-g7b59d4eb97 (webtiles) character file.

Game seed: 18036771141838822459

2104 jasper the Cleaver (level 9, -1/84 HPs)
             Began as an Ogre Cinder Acolyte on Oct 19, 2023.
             Was an Initiate of Ashenzari.
             Killed by divine providence
             ... invoked by an orc priest
              (11 damage)
             ... on level 8 of the Dungeon.
             The game lasted 00:09:20 (5486 turns).

jasper the Cleaver (Ogre Cinder Acolyte)            Turns: 5486, Time: 00:09:21

Health: -1/84      AC:  5    Str: 24    XL:     9   Next: 28%
Magic:  10/10      EV:  9    Int: 15    God:    Ashenzari [......]
Gold:   63         SH:  0    Dex:  4    Spells: 7/10 levels left

rFire   . . .        s - +2 hand axe (heavy)
rCold   + . .        (no shield)
rNeg    . . .        f - +2 robe {Will+}
rPois   .            (helmet restricted)
rElec   .            (no cloak)
rCorr   .            (gloves unavailable)
SInv    .            (boots unavailable)
Will    +....        (no amulet)
Stlth   +            k - ring of protection from cold
HPRegen 0.34/turn    (no ring)
MPRegen 0.12/turn

%: no passive effects
@: fire susceptible
A: large, unfitting armour, tough skin 1
a: Renounce Religion


You were on level 8 of the Dungeon.
You worshipped Ashenzari.
Ashenzari was noncommittal.
You visited 2 branches of the dungeon, and saw 7 of its levels.
You also visited: Ossuary.

You collected 371 gold pieces.
You spent 308 gold pieces at shops.

Inventory:

Hand Weapons
 a - a +0 hand axe of flaming
 s - a +2 heavy hand axe (weapon)
Missiles
 i - 4 javelins
 j - 54 stones (quivered)
 t - a boomerang
Armour
 b - a +1 robe
 f - a +2 robe of willpower (worn)
 u - a +0 troll leather armour
Jewellery
 k - a ring of protection from cold (left hand)
 y - a ring of resist corrosion
Talismans
 c - a beast talisman
Wands
 l - a wand of polymorph (5)
 o - a wand of flame (1)
Scrolls
 e - 3 scrolls of teleportation
 v - a scroll of vulnerability
 B - a scroll of summoning
Potions
 d - a potion of cancellation
 g - a potion of magic
 h - 3 potions of resistance
 m - 3 potions of berserk rage
 p - 3 potions of curing {unknown}
 q - a potion of might {unknown}
 r - 2 potions of haste {unknown}
 w - a potion of enlightenment {unknown}
 x - a potion of degeneration {unknown}
 z - a potion of lignification
 A - a potion of ambrosia {unknown}


   Skills:
 - Level 4.0 Fighting
 * Level 10.4 Axes
 - Level 1.2 Spellcasting
 - Level 2.6 Fire Magic
 - Level 6.0 Ice Magic


You had 7 spell levels left.
You knew the following spells:

 Your Spells              Type           Power      Damage    Failure   Level
a - Ozocubu's Armour      Ice            18%        N/A       6%          3

Your spell library contained the following spells:

 Spells                   Type           Power      Damage    Failure   Level
 Scorch                   Fire           16%        2d5       12%         2
 Metabolic Englaciation   Hex/Ice        4%         N/A       89%         5
 Simulacrum               Ice/Necr       4%         N/A       100%        6


Dungeon Overview and Level Annotations

Branches:
Dungeon (5/15)             Temple (1/1) D:5         Ossuary (visited)

Altars:
Ashenzari
Cheibriados
Fedhas
Gozag
Hepliaklqana
Kikubaaqudgha
Makhleb
Qazlal
Ru
Sif Muna
Vehumet
Wu Jian
Xom
Yredelemnul

Shops:
D:8 ?


Innate Abilities, Weirdness & Mutations

You are too large for most types of armour.
You have tough skin. (AC +1)


Message History

Something hits you.
* * * LOW HITPOINT WARNING * * *
Something shocks you.
* * * LOW HITPOINT WARNING * * *
You take 6 damage, and have 17/84 hp.
Okay, then.
Unknown command.
You miss something.
Something hits you but does no damage. x2
You barely miss something. Something hits you but does no damage.
You hit something. Something hits you but does no damage.
You miss something. Something hits you but does no damage.
You miss something. Something hits you but does no damage.
You barely miss something. Something hits you but does no damage.
You slice something!!
Reactivating autopickup.
You feel a bit more experienced.
You swing at nothing.
Your icy armour cracks and falls away as you move.
You see here a wyvern corpse.
MP restored: 10 You now have 63 gold pieces (gained 17).
An orc priest comes into view. It is wielding a +0 flail.
The orc priest moves out of view.
The orc priest hits you but does no damage.
You barely miss the orc priest. The orc priest closely misses you.
You closely miss the orc priest. The orc priest barely misses you.
You closely miss the orc priest.
The orc priest hits you with a +0 flail.
* * * LOW HITPOINT WARNING * * *
You take 4 damage, and have 20/84 hp.
You closely miss the orc priest.
The orc priest invokes the aid of Beogh against you.
Beogh smites you!
* * * LOW HITPOINT WARNING * * *
You take 10 damage, and have 10/84 hp.
You slash the orc priest!
The orc priest is heavily wounded.
The orc priest mumbles some strange prayers to Beogh against you.
Beogh smites you!
You die...

♣.♣♣ ♣.P♣ ♣.≈P #
♣.~..# ♣.≈♣. P..
♣o♣ ♣@♣ ♣♣.♣♣
#♣...♣# #.....#
#♣...♣# .. ♣♣.♣♣
....###.######
#......†.....# .
##..###......####
..


You could see an orc priest.

Vanquished Creatures
  A troll (D:5)
  Grinder (D:5)
  A wyvern (D:8)
  A sky beast (D:8)
  A phantom (D:5)
  An elf zombie (Ossuary)
  2 bullfrogs
  2 scorpions
  A crimson imp (D:5)
  2 centaur zombies (Ossuary)
  3 hounds (D:5)
  7 orc priests
  2 jellies
  2 human zombies (Ossuary)
  4 orc wizards
  An iguana (D:5)
  2 hound zombies (Ossuary)
  3 mummies (Ossuary)
  An adder (D:5)
  3 adder zombies (Ossuary)
  3 worms
  4 dart slugs
  31 orcs
  5 ball pythons
  7 endoplasms
  3 giant cockroaches
  3 gnoll zombies (Ossuary)
  6 goblins
  9 hobgoblins
  2 jackals (D:4)
  4 kobolds
  4 quokkas
  4 bats
  2 frilled lizards (D:2)
  6 goblin zombies (Ossuary)
  4 hobgoblin zombies (Ossuary)
  3 jackal zombies (Ossuary)
  4 kobold zombies (Ossuary)
  An orc zombie (Ossuary)
  3 rats
  4 rat zombies (Ossuary)
153 creatures vanquished.

Vanquished Creatures (collateral kills)
  A centaur (D:8)
  3 killer bees (D:8)
4 creatures vanquished.

Grand Total: 157 creatures vanquished

Notes
Turn   | Place    | Note
-------+----------+-------------------------------------------
     0 | D:1      | jasper the Ogre Cinder Acolyte began the quest for the Orb.
     0 | D:1      | Reached XP level 1. HP: 24/24 MP: 2/2
    52 | D:1      | You fall into a shaft and drop 1 floor!
   214 | D:2      | Found an ornate altar of the Wu Jian Council.
   440 | D:1      | Reached XP level 2. HP: 32/32 MP: 3/3
   585 | D:1      | Found a faded altar of an unknown god.
  1160 | D:2      | Reached skill level 4 in Axes
  1166 | D:2      | Reached XP level 3. HP: 36/39 MP: 4/4
  1560 | D:3      | Reached XP level 4. HP: 32/48 MP: 5/5
  1732 | D:3      | Reached skill level 5 in Axes
  1987 | D:3      | Reached XP level 5. HP: 34/54 MP: 6/6
  2130 | D:3      | Reached skill level 6 in Axes
  2376 | D:3      | Learned a level 3 spell: Ozocubu's Armour
  2410 | D:3      | Reached skill level 1 in Ice Magic
  2547 | D:3      | Identified the +2 helmet of Lionol {Will++ Stlth+}
  2858 | D:4      | Reached XP level 6. HP: 54/62 MP: 7/7
  3206 | D:4      | Reached XP level 7. HP: 69/70 MP: 4/8
  3337 | D:4      | Found a sand-covered staircase.
  3345 | Ossuary  | Entered an ossuary
  3459 | Ossuary  | Reached skill level 5 in Ice Magic
  4740 | D:5      | Entered Level 5 of the Dungeon
  4812 | D:5      | Found a radiant altar of Vehumet.
  4812 | D:5      | Found a burning altar of Makhleb.
  4831 | D:5      | Reached XP level 8. HP: 68/78 MP: 9/9
  4908 | D:5      | Noticed a troll
  4918 | D:5      | Reached skill level 7 in Axes
  4920 | D:5      | Noticed Grinder
  4924 | D:5      | Killed a troll
  4925 | D:5      | Reached skill level 8 in Axes
  4979 | D:5      | Killed Grinder
  4980 | D:5      | Reached skill level 9 in Axes
  5170 | D:5      | Found a staircase to the Ecumenical Temple.
  5211 | Temple   | Entered the Ecumenical Temple
  5237 | Temple   | Fell from the grace of Ignis
  5237 | Temple   | Became a worshipper of Ashenzari the Shackled
  5386 | D:5      | You fall into a shaft and drop 3 floors!
  5386 | D:8      | Found Efutiraedgh's Magic Scroll Shoppe.
  5391 | D:8      | Bought 2 scrolls of summoning for 266 gold pieces
  5391 | D:8      | Bought a scroll of teleportation for 42 gold pieces
  5422 | D:8      | Reached XP level 9. HP: 84/84 MP: 10/10
  5428 | D:8      | Reached skill level 10 in Axes
  5486 | D:8      | Killed from afar by an orc priest

Illustrated notes

Levels and vault maps discovered:
D:1:      amcnicky_arrival_choice, layout_rooms, serial_forest,
          infiniplex_forest_zigzag_1, infiniplex_forest_lined_1,
          infiniplex_forest_clump_curved, infiniplex_forest_lined_corner,
          infiniplex_forest_corner_2, shapermc_ecumenical_altar_gd
D:2:      layout_loops_cross, basic_altar, chequers_serial_rivers_micro_d,
          minmay_box_of_dots
D:3:      layout_loops_ring
D:4:      layout_loops_ring, chequers_ossuary_entry_cave
D:5:      layout_loops_ring, grunt_temple_overflow_lords_of_destruction,
          kennysheep_mini, minmay_temple_entry_drinking_statues, serial_bayou,
          serial_bayou_shore_b, serial_bayou_pond_a, serial_bayou_shore_b,
          serial_bayou_pond_b, cheibrodos_sewer_entry_bend,
          chequers_serial_rivers_large_a, chequers_serial_rivers_micro_b,
          nicolae_shop_overcharged_wands, uniq_grinder
D:8:      nzn_winding_woodlands_large [nzn_winding_woodlands_5x5_open_star,
          nzn_winding_woodlands_5x15_pathside_ponds,
          nzn_winding_woodlands_5x5_perimeter,
          nzn_winding_woodlands_center_garden,
          nzn_winding_woodlands_15x15_five_gardens,
          nzn_winding_woodlands_center_pierced_h,
          nzn_winding_woodlands_5x5_cross, nzn_winding_woodlands_5x15_longhouse,
          nzn_winding_woodlands_5x5_checkerboard], layout_cave_pools,
          serial_shops, shop
Temple:   bh_familiar_temple

Skill      XL: |  1  2  3  4  5  6  7  8  9 |
---------------+----------------------------+-----
Axes           | 4 5 6 9 10 | 10.4
Ice Magic      | 1 4 6 |  6.0
Fighting       | |  4.0
Spellcasting   | |  1.2
Fire Magic     | |  2.6

Action                     |  1- 3 |  4- 6 |  7- 9 || total
---------------------------+-------+-------+-------++-------
  Melee: Hand axe          |    92 |   163 |   378 ||   633
         Punch             |       |     2 |     7 ||     9
  Throw: Javelin           |     4 |       |       ||     4
         Stone             |     1 |       |       ||     1
   Cast: Ozocubu's Armour  |       |     2 |    11 ||    13
 Invoke: Fiery Armour      |       |     3 |     1 ||     4
    Use: Scroll            |     5 |       |     9 ||    14
         Potion            |       |     1 |       ||     1
 Armour: Robe              |    59 |    99 |   297 ||   455
         Skin              |       |    13 |       ||    13
  Dodge: Dodged            |    43 |    46 |   151 ||   240

Table legend: (Time is in decaauts)
 A = Elapsed time spent in this place.
 B = Non-inter-level travel time spent in this place.
 C = Inter-level travel time spent in this place.
 D = Time resting spent in this place.
 E = Time spent auto-exploring this place.
 F = Levels seen in this place.
 G = Mean time per level.
                   A        B        C        D        E       F      G
               +--------+--------+--------+--------+--------+-----+--------+
         Total |   5497 |   5338 |    159 |    455 |   3621 |   8 |  687.1 |
       Dungeon |   4533 |   4423 |    110 |    455 |   2991 |   6 |  755.5 |
        Temple |     51 |      2 |     49 |      0 |      0 |   1 |   51.0 |
       Ossuary |    911 |    911 |      0 |      0 |    630 |   1 |  911.0 |
               +--------+--------+--------+--------+--------+-----+--------+

Top non-repeatable levels by time:
     D:3: 1109 daAuts
     D:2: 1041 daAuts
     D:4: 1013 daAuts
 Ossuary: 911 daAuts
     D:1: 680 daAuts
     D:5: 583 daAuts
     D:8: 104 daAuts
  Temple: 51 daAuts
